 Dungeon Crawl Stone Soup version 0.30.0-29-ga12c61a403 (webtiles) character file.

Game seed: 14203411485490706895

21 Graphine the Insei (level 2, -2/31 HPs)
             Began as a Merfolk Transmuter on June 17, 2023.
             Slain by a gnoll
             ... wielding a +0 spear
              (4 damage)
             ... on level 1 of the Dungeon.
             The game lasted 00:01:36 (947 turns).

Graphine the Insei (Merfolk Transmuter)              Turns: 947, Time: 00:01:37

Health: -2/31      AC: 21    Str: 10    XL:     2   Next: 83%
Magic:  5/5        EV:  2    Int: 12    God:
Gold:   104        SH:  0    Dex: 14    Spells: 4/5 levels left

rFire   . .          .
                       - Unarmed
rCold   . . .        (no shield)
rNeg    . . .        a - melded +0 robe
rPois   +            (helmet currently unavailable)
rElec   .            (cloak currently unavailable)
rCorr   .            (gloves currently unavailable)
SInv    .            (boots currently unavailable)
Will    .....        (no amulet)
Stlth   +            (no ring)
HPRegen 0.25/turn    (no ring)
MPRegen 0.09/turn

%: no passive effects
@: tree-form, hasted, very quick
A: stationary, stasis, torment immunity, boosted hp, (nimble swimmer 2),
(mertail)
a: no special abilities


You were on level 1 of the Dungeon.
You were a tree.
You visited 1 branch of the dungeon, and saw 1 of its levels.

You collected 104 gold pieces.

Inventory:

Armour
 a - a +0 robe (melded)
Scrolls
 c - 2 scrolls of teleportation {unknown}
 g - a scroll of fog {unknown}
 i - a scroll of fear {unknown}
 j - a scroll of identify {unknown}
Potions
 d - a potion of invisibility {unknown}
 e - a potion of mutation {unknown}
 f - a potion of haste
 h - a potion of brilliance {unknown}


   Skills:
 * Level 1.6 Fighting
 * Level 1.0 Long Blades
 * Level 3.1 Dodging
 + Level 3.3 Unarmed Combat
 + Level 2.1 Spellcasting
 * Level 3.1 Transmutations


You had 4 spell levels left.
You knew the following spells:

 Your Spells              Type           Power      Damage    Failure   Level
a - Beastly Appendage     Tmut           16%        N/A       8%          1

Your spell library contained the following spells:

 Spells                   Type           Power      Damage    Failure   Level
 Wereblood                Tmut           8%         N/A       12%         2
 Spider Form              Tmut/Pois      4%         N/A       41%         3
 Ice Form                 Ice/Tmut       4%         N/A       82%         4


Dungeon Overview and Level Annotations

Branches:
Dungeon (1/15)

Altars:


Innate Abilities, Weirdness & Mutations

You are a tree.
Your roots penetrate the ground, keeping you stationary.
You cannot be teleported.
You are immune to unholy pain and torment.
Your maximum health is greatly increased.
Your equipment is partially melded.
((You are very nimble when in or above water. (Stealth+, EV+, Speed+++)))
((Your lower body shifts to a powerful aquatic tail in water.))


Message History

The gnoll barely misses you.
You completely miss the gnoll.
The gnoll is lightly wounded.
The gnoll barely misses you.
You hit the gnoll. Your headbutt misses the gnoll.
The gnoll is lightly wounded.
The gnoll closely misses you.
You barely miss the gnoll.
The gnoll is lightly wounded.
The gnoll closely misses you.
You hit the gnoll but do no damage. Your headbutt misses the gnoll.
The gnoll is lightly wounded.
The gnoll hits you with a +0 spear.
You are too injured to fight recklessly!
You are too injured to fight recklessly!
You are too injured to fight recklessly!
You are too injured to fight recklessly!
You are too injured to fight recklessly!
You closely miss the gnoll. Your headbutt misses the gnoll.
The gnoll is lightly wounded.
The gnoll hits you with a +0 spear.
* * * LOW HITPOINT WARNING * * *
You hit the gnoll but do no damage. You headbutt the gnoll.
The gnoll is moderately wounded.
The gnoll hits you with a +0 spear.
* * * LOW HITPOINT WARNING * * *
It was a potion of haste.
You feel yourself speed up.
Your horns disappear.
The gnoll hits you with a +0 spear.
* * * LOW HITPOINT WARNING * * *
Really quaff the potion of lignification?
You turn into a tree.
Your +0 robe melds into your body.
Your roots penetrate the ground.
Casting: Beastly Appendage (safe; 8% risk of failure)
Confirm with . or Enter, or press ? or * to list all spells.
You are stuck in your current form!
You hit the gnoll.
The gnoll is moderately wounded.
The gnoll hits you with a +0 spear.
You die...

# #.## #...#
##.###.###..####
##.###.[.###.##
#.# #..#
##..##'##..##
#.###..#
###.....###
#......# #######
#####.## #.# ####
### #.# ...#
########.####.##
##.#
#.♣........#...##
##.#######
#g####.###...#..#
.......[.# ...
#.# #..###.#
.#.#####.# #....
#.###...#..###
.#.### #.....
#.....#.......
.#...# #......
########.#####
.###.# #......
#.#
.###.###.###....
##'## .........#
#.... .# ##...##


You could see a gnoll.

Vanquished Creatures
  A dart slug (D:1)
  3 endoplasms (D:1)
  A giant cockroach (D:1)
  A hobgoblin (D:1)
  4 quokkas (D:1)
  3 ball pythons (D:1)
  A bat (D:1)
  A frilled lizard (D:1)
  A kobold (D:1)
  2 rats (D:1)
18 creatures vanquished.

Notes
Turn   | Place    | Note
-------+----------+-------------------------------------------
     0 | D:1      | Graphine the Merfolk Transmuter began the quest for the
                  | Orb.
     0 | D:1      | Reached XP level 1. HP: 15/15 MP: 3/3
   240 | D:1      | Reached XP level 2. HP: 21/21 MP: 5/5
   498 | D:1      | Reached skill level 1 in Long Blades
   945 | D:1      | HP: 1/21 [gnoll/+0 spear (1)]
   947 | D:1      | Slain by a gnoll

Illustrated notes

Levels and vault maps discovered:
D:1:      dpeg_arrival_yet_another_circle, layout_loops_corners

Skill      XL: |  1  2 |
---------------+-------+-----
Transmutations | 3 |  3.1
Dodging        | 3 |  3.1
Long Blades    | 1 |  1.0
Fighting       | |  1.6
Unarmed Combat | |  3.3
Spellcasting   | |  2.1

Action                     || total
---------------------------++-------
  Melee: Unarmed           ||    70
         Headbutt          ||     7
         Punch             ||     1
   Cast: Beastly Appendage ||    13
    Use: Potion            ||     2
 Armour: Robe              ||     9
  Dodge: Dodged            ||    53
